 Dungeon Crawl Stone Soup version 0.21.0-3-g78d12a8 (webtiles) character file.

9489 FrothyCoffee the Fighter (level 11, -6/156 HPs)
             Began as a White Draconian Fire Elementalist on Jan 9, 2018.
             Was a Follower of Vehumet.
             Mangled by a centaur
             ... wielding a +0 halberd
              (10 damage)
             ... in a bailey.
             The game lasted 01:44:12 (17038 turns).

FrothyCoffee the Fighter (DrFE)                    Turns: 17038, Time: 01:44:13

Health: -6/156     AC: 10    Str: 15    XL:     11   Next: 23%
Magic:  15/15      EV: 12    Int: 19    God:    Vehumet [*.....]
Gold:   448        SH:  0    Dex: 12    Spells: 10/16 levels left

rFire    + . .     SeeInvis .   Q - +6 halberd (freeze)
rCold    . . .     Gourm    .   (shield currently unavailable)
rNeg     . . .     Faith    .   (armour unavailable)
rPois    +         Spirit   .   (helmet restricted)
rElec    .         Reflect  .   (no cloak)
rCorr    .         Harm     .   y - +1 pair of gloves
MR       .....                  k - +0 pair of boots
Stlth    ..........             (no amulet)
HPRegen  0.36/turn              i - ring of fire
MPRegen  0.14/turn              C - ring of poison resistance

@: berserking, very quick
A: breathe frost, unfitting armour, cold resistance 1, cold-blooded, AC +7
a: Breathe Frost, Renounce Religion


You were in a bailey.
You worshipped Vehumet.
Vehumet was aware of your devotion.
You were not hungry.

You visited 2 branches of the dungeon, and saw 9 of its levels.
You also visited: Ossuary and Bailey.

You collected 448 gold pieces.

Inventory:

Hand Weapons
 v - a +1 halberd
   (You took it off a gnoll on level 3 of the Dungeon)
 Q - a +6 halberd of freezing (weapon)
   (You found it on level 8 of the Dungeon)
Missiles
 b - 4 throwing nets (quivered) {!f}
 w - 2 silver javelins
 K - 8 javelins of returning
Armour
 k - a +0 pair of boots (worn)
   (You found it on level 1 of the Dungeon)
 y - a +1 pair of gloves (worn)
   (You found it on level 4 of the Dungeon)
Magical Staves
 P - an uncursed staff of fire {unknown}
   (You found it on level 8 of the Dungeon)
Jewellery
 i - a ring of fire (left hand)
   (You found it on level 4 of the Dungeon)
 l - an uncursed ring of protection from magic
   (You found it on level 2 of the Dungeon)
 z - an uncursed ring of stealth
   (You found it on level 5 of the Dungeon)
 C - a ring of poison resistance (right hand)
   (You found it on level 4 of the Dungeon)
 I - an uncursed amulet of harm {unknown}
   (You found it on level 6 of the Dungeon)
 L - a cursed amulet of inaccuracy {unknown}
   (You found it on level 6 of the Dungeon)
Wands
 d - a wand of iceblast (7)
   (You took it off a gnoll on level 3 of the Dungeon)
Scrolls
 c - 3 scrolls of immolation {!r}
 f - 2 scrolls of fear
 g - 5 scrolls of teleportation {@r4}
 s - a scroll of blinking
 u - a scroll of remove curse {@r2}
 x - a scroll of summoning
 G - a scroll of random uselessness {unknown}
 H - a scroll of enchant weapon
 M - a scroll of enchant armour
 O - a scroll of magic mapping
Potions
 h - a potion of brilliance
 j - a potion of experience
 m - 2 potions of haste {@q3}
 n - a potion of agility {unknown}
 o - 2 potions of lignification {!q}
 p - 2 potions of curing {@q1}
 q - a potion of ambrosia {unknown}
 r - a potion of flight {unknown}
 t - a potion of berserk rage
 A - 3 potions of might
 B - a potion of magic {unknown}
 D - 2 potions of mutation {!q}
 N - a potion of invisibility
Books
 a - a book of Flames
 E - a book of Changes
   (You found it on level 5 of the Dungeon)
 F - a book of Battle
   (You found it on level 5 of the Dungeon)
Comestibles
 e - 6 rations


   Skills:
 + Level 12.1 Fighting
   Level 1.6 Short Blades
 * Level 12.0 Polearms
 - Level 1.7 Dodging
 - Level 1.7 Stealth
 - Level 3.0 Spellcasting
 - Level 4.1 Conjurations
 - Level 4.1 Fire Magic


You had 10 spell levels left.
You knew the following spells:

 Your Spells              Type           Power        Failure   Level  Hunger
a - Flame Tongue          Conj/Fire      ####.        2%          1    None
b - Throw Flame           Conj/Fire      ####..       4%          2    ##.....
c - Conjure Flame         Conj/Fire      ####....     9%          3    ###....


Dungeon Overview and Level Annotations

Branches:
Dungeon (8/15)             Temple (1/1) D:7
   Lair: D:8-11

Altars:
Ashenzari
Cheibriados
Dithmenos
Elyvilon
Fedhas
Hepliaklqana
Makhleb
Nemelex Xobeh
Okawaru
Qazlal
Ru
Sif Muna
Trog
Uskayaw
Vehumet
Wu Jian
Xom
Yredelemnul
Zin
The Shining One

Shops:
D:6 [

Annotations:
D:2 exclusion: 2 downstairs


Innate Abilities, Weirdness & Mutations

You can breathe waves of freezing cold.
You can buffet flying creatures when you breathe cold.
Your icy white scales are hard. (AC +7)
You cannot fit into any form of body armour.
Your flesh is cold resistant. (rC+)
You are cold-blooded and may be slowed by cold attacks.


Message History

You feel a surge of power!
The centaur throws a javelin of returning.
The javelin of returning hits you!
The centaur throws a javelin of returning.
The javelin of returning hits you!
The weapon returns to the centaur!
The centaur throws a javelin of returning.
The javelin of returning hits you!
You see here a javelin of returning.
The centaur throws a javelin of returning.
The javelin of returning hits you!
The weapon returns to the centaur!
The centaur throws a javelin of returning.
The javelin of returning hits you!
* * * LOW HITPOINT WARNING * * *
The weapon returns to the centaur!
The centaur throws a javelin of returning.
The javelin of returning barely misses you.
The weapon returns to the centaur!
There is an open gate here.
The centaur throws a javelin of returning.
The javelin of returning hits you!
* * * LOW HITPOINT WARNING * * *
The weapon returns to the centaur!
Things that are here:
a trident; a ring mail You close the gate.
A centaur opens the gate.
The centaur hits you from afar with a halberd!
* * * LOW HITPOINT WARNING * * *
The centaur hits you with a halberd!
* * * LOW HITPOINT WARNING * * *
There is an open gate here.
You puncture the centaur! You freeze the centaur.
The centaur barely misses you.
You barely miss the centaur.
The centaur hits you but does no damage.
You hit the centaur. You freeze the centaur.
The centaur hits you with a halberd!
* * * LOW HITPOINT WARNING * * *
You barely miss the centaur. The centaur hits you with a halberd!
* * * LOW HITPOINT WARNING * * *
You barely miss the centaur. The centaur barely misses you.
The centaur misses you.
You barely miss the centaur.
The centaur hits you but does no damage.
A red film seems to cover your vision as you go berserk!
You feel yourself moving faster!
You feel mighty! The centaur hits you with a halberd!
* * * LOW HITPOINT WARNING * * *
You barely miss the centaur. The centaur hits you with a halberd!
You die...

#≈.))#.≈≈.≈≈≈.≈≈≈.≈≈.#⌠..≈#
#≈...#..≈≈..≈.≈..≈≈..#...≈#
#≈...#.⌠.≈≈≈...≈≈≈.⌠.#...≈#
#≈..)##....≈≈≈≈≈)...##...≈#
#≈....#####.....#####....≈#
##.......)#######⌠.......##
##.....................##
##......).)).........##
#########'@'#########
##≈≈≈≈≈≈≈#.)c#≈≈≈≈≈≈≈
##≈≈≈≈≈≈≈≈#.).#≈≈≈≈≈≈≈
##≈≈≈≈≈≈≈≈)#.).#)≈≈≈≈≈≈
#≈≈≈≈≈≈≈.)≈#..)#≈).≈≈≈≈
#≈≈≈≈≈..≈≈≈.....≈≈≈..≈≈
#≈≈≈≈.≈≈≈.........≈≈≈.≈
#≈≈≈≈)≈.....≈≈≈.....≈.≈
#≈≈≈.≈≈.⌠.(≈≈≈≈≈..⌠.≈≈.


You could see a centaur.

Vanquished Creatures
  The ghost of tv1990 the Bolt Thrower, a novice FoHu (D:5)
  Menkaure (D:5)
  4 sky beasts
  9 orc warriors (Bailey)
  An ice beast (D:6)
  A phantom (D:4)
  2 ogres
  9 centaurs
  3 bullfrogs
  A gnoll sergeant (D:3)
  3 elf zombies (Ossuary)
  A water moccasin zombie (D:5)
  A scorpion (D:7)
  3 howler monkeys (D:7)
  A centaur zombie (Ossuary)
  3 crimson imps
  A hound (D:4)
  An orc priest (D:6)
  4 jellies
  3 bullfrog skeletons
  A gnoll shaman (D:3)
  5 orc wizards
  Natasha (thrice) (D:2)
  3 iguanas
  6 worker ants
  A big kobold zombie (Ossuary)
  A hound skeleton (D:4)
  3 mummies
  2 worker ant zombies
  52 gnolls
  6 adders
  3 oozes
  An adder zombie (Ossuary)
  2 adder skeletons (D:6)
  6 worms
  A dart slug (D:2)
  5 leopard geckos
  38 orcs
  8 giant cockroaches
  8 hobgoblins
  28 jackals
  3 quokkas
  A ball python (D:2)
  9 bats
  2 frilled lizards
  4 goblins
  A goblin zombie (Ossuary)
  6 hobgoblin zombies (Ossuary)
  2 jackal zombies (Ossuary)
  7 kobolds
  12 kobold zombies (Ossuary)
  8 orc zombies (Ossuary)
  A quokka skeleton (D:6)
  A quokka zombie (D:6)
  5 rats
  2 rat zombies (Ossuary)
300 creatures vanquished.

Notes
Turn   | Place    | Note
-------+----------+-------------------------------------------
     0 | D:1      | FrothyCoffee the Draconian Fire Elementalist began the quest for the Orb.
     0 | D:1      | Reached XP level 1. HP: 14/14 MP: 3/3
   429 | D:1      | Reached XP level 2. HP: 18/22 MP: 1/5
   728 | D:1      | Learned a level 2 spell: Throw Flame
  1294 | D:2      | Reached XP level 3. HP: 26/27 MP: 0/6
  1356 | D:2      | Reached skill level 1 in Fighting
  1549 | D:2      | Noticed Natasha
  1561 | D:2      | Killed Natasha
  1601 | D:2      | Noticed Natasha
  1613 | D:2      | Reached XP level 4. HP: 23/35 MP: 4/7
  1718 | D:1      | Learned a level 3 spell: Conjure Flame
  1774 | D:2      | Found a faded altar of an unknown god.
  2045 | D:2      | Killed Natasha
  2045 | D:2      | Reached skill level 1 in Short Blades
  2519 | D:2      | Noticed Natasha
  2679 | D:2      | Killed Natasha
  2679 | D:2      | Reached XP level 5. HP: 40/40 MP: 2/9
  3455 | D:3      | Found a white marble altar of Elyvilon.
  4636 | D:3      | Reached XP level 6. HP: 40/48 MP: 1/10
  5769 | D:3      | Reached skill level 1 in Polearms
  6255 | D:3      | Reached skill level 5 in Fire Magic
  6553 | D:2      | Your scales start taking on an icy white colour.
  6553 | D:2      | Reached XP level 7. HP: 45/56 MP: 4/11
  6553 | D:2      | Gained mutation: Your flesh is cold resistant. (rC+) [White Draconian growth]
  7600 | D:3      | Reached skill level 5 in Fighting
  8146 | D:4      | Found a sand-covered staircase.
  8183 | Ossuary  | Entered an ossuary
  9068 | Ossuary  | Reached XP level 8. HP: 69/71 MP: 2/12
  9816 | D:4      | Found a snail-covered altar of Cheibriados.
  9817 | D:4      | Found a burning altar of Makhleb.
 10126 | D:5      | Entered Level 5 of the Dungeon
 10709 | D:5      | Noticed tv1990's ghost (novice FoHu)
 10721 | D:5      | Killed tv1990's ghost
 10744 | D:5      | Reached XP level 9. HP: 82/82 MP: 5/13
 10873 | D:5      | Reached skill level 5 in Polearms
 10916 | D:5      | Noticed Menkaure
 10937 | D:5      | Killed Menkaure
 11105 | D:5      | HP: 3/83 [centaur/arrow (12)]
 11907 | D:6      | You fall through a shaft!
 12029 | D:6      | Found Xyaba's Armour Shop.
 13777 | D:6      | Found a glowing silver altar of Zin.
 13912 | D:6      | Found a deep blue altar of Sif Muna.
 14142 | D:7      | Reached skill level 10 in Fighting
 14227 | D:7      | Found a basalt altar of Yredelemnul.
 14313 | D:7      | Found a staircase to the Ecumenical Temple.
 14327 | Temple   | Entered the Ecumenical Temple
 14386 | Temple   | Became a worshipper of Vehumet
 14905 | D:8      | Found a flagged portal.
 14918 | Bailey   | Entered a bailey
 15211 | Bailey   | Reached XP level 10. HP: 74/93 MP: 14/14
 16231 | Bailey   | Reached XP level 11. HP: 104/104 MP: 15/15
 16279 | Bailey   | Reached * piety under Vehumet
 16279 | Bailey   | Offered knowledge of Sandblast by Vehumet.
 17037 | Bailey   | HP: 3/156 [centaur/halberd (12)]
 17038 | Bailey   | Mangled by a centaur

Skill      XL: |  1  2  3  4  5  6  7  8  9 10 11 |
---------------+----------------------------------+-----
Fighting       | 1 2 6 8 10 12 | 12.1
Conjurations   | 2 3 4 |  4.1
Short Blades   | 1 |  1.6
Fire Magic     | 4 4 |  4.1
Spellcasting   | 3 |  3.0
Polearms       | 1 4 8 11 12 | 12.0
Dodging        | |  1.7
Stealth        | |  1.7

Action                   |  1- 3 |  4- 6 |  7- 9 | 10-12 || total
-------------------------+-------+-------+-------+-------++-------
Melee: Unarmed           |    14 |       |       |       ||    14
       Club              |    23 |       |       |       ||    23
       Tailslap          |     4 |     7 |    48 |       ||    59
       Short sword       |    29 |    81 |       |       ||   110
       Halberd           |       |    43 |   357 |    69 ||   469
       Spear             |       |     5 |   175 |       ||   180
 Cast: Flame Tongue      |    25 |   117 |   119 |     6 ||   267
       Throw Flame       |    13 |    46 |    65 |    28 ||   152
       Conjure Flame     |       |    28 |    42 |       ||    70
 Abil: Breathe Frost     |       |       |    21 |     5 ||    26
  Use: Scroll            |       |    10 |     9 |       ||    19
       Potion            |       |       |     4 |     2 ||     6
 Stab: Distracted        |       |       |     1 |       ||     1
       Sleeping          |       |       |     3 |       ||     3
  Eat: Chunk             |     3 |    15 |    23 |     6 ||    47
       Ration            |       |     2 |     5 |     1 ||     8
Armor: Skin              |    45 |    49 |   144 |     9 ||   247
Dodge: Dodged            |    70 |   132 |   244 |    47 ||   493
